 Dungeon Crawl Stone Soup version 0.29-a0-542-g075992c915 (webtiles) character file.

Game seed: 5372766818221324884

797 dohliylev the Ruffian (level 7, 0/102 HPs)
             Began as a Troll Berserker on June 4, 2022.
             Was a Believer of Trog.
             Succumbed to a killer bee's poison
             ... on level 5 of the Dungeon.
             The game lasted 00:07:24 (3732 turns).

dohliylev the Ruffian (Troll Berserker)             Turns: 3732, Time: 00:07:24

Health: 0/102      AC:  5    Str: 28    XL:     7   Next: 58%
Magic:  6/6        EV: 11    Int:  3    God:    Trog [**....]
Gold:   171        SH:  0    Dex: 15    Spells: 6/6 levels left

rFire   . . .      SeeInvis .     - Unarmed
rCold   . . .      Faith    .   (no shield)
rNeg    . . .      Spirit   .   a - +0 animal skin
rPois   .          Reflect  .   (helmet restricted)
rElec   .          Harm     .   m - +0 cloak
rCorr   .          Rampage  .   (gloves unavailable)
Will    .....                   (boots unavailable)
Stlth   ..........              (no amulet)
HPRegen 1.07/turn               f - +6 ring of dexterity
MPRegen 0.10/turn               (no ring)

@: berserking, lethally poisoned (0 -> -3), very quick
A: large, unfitting armour, claws 3, regeneration 1, shaggy fur 1, tough skin 1
a: Renounce Religion, Berserk, Trog's Hand


You were on level 5 of the Dungeon.
You worshipped Trog.
Trog was pleased with you.
You visited 1 branch of the dungeon, and saw 5 of its levels.

You collected 171 gold pieces.

Inventory:

Armour
 a - a +0 animal skin (worn)
 m - a +0 cloak (worn)
Jewellery
 f - a +6 ring of dexterity (left claw)
 s - a +4 ring of protection
Scrolls
 c - 5 scrolls of teleportation {unknown}
 d - a scroll of enchant armour {unknown}
 g - 3 scrolls of fog {unknown}
 i - a scroll of summoning {unknown}
 j - a scroll of enchant weapon {unknown}
 k - 7 scrolls of identify {unknown}
 t - a scroll of amnesia {unknown}
Potions
 b - a potion of brilliance {unknown}
 e - a potion of curing {unknown}
 h - 2 potions of heal wounds {unknown}
 l - a potion of invisibility {unknown}
 n - a potion of ambrosia {unknown}
 o - 2 potions of lignification {unknown}
 p - a potion of degeneration {unknown}
 r - a potion of mutation {unknown}
Miscellaneous
 q - a box of beasts


   Skills:
 + Level 3.9 Fighting
 + Level 4.3 Dodging
 + Level 7.0 Unarmed Combat


You had 6 spell levels left.
You didn't know any spells.
Your spell library was empty.

Dungeon Overview and Level Annotations

Branches:
Dungeon (5/15)             Temple (0/1) D:5

Altars:
Vehumet

Shops:
D:1 [   D:4 =


Innate Abilities, Weirdness & Mutations

You are too large for most types of armour.
You have claws for hands.
Your natural rate of healing is unusually fast.
You are covered in fur. (AC +1)
You have tough skin. (AC +1)


Message History

* * * LOW HITPOINT WARNING * * *
You are more poisoned.
The killer bee poisons you!
The killer bee stings you but does no damage.
You closely miss the killer bee.
The killer bee is almost dead.
You feel sick.
The killer bee buzzes angrily.
You hear an angry buzzing noise.
The killer bee stings you.
* * * LOW HITPOINT WARNING * * *
The killer bee stings you.
* * * LOW HITPOINT WARNING * * *
You mangle the killer bee!!
You feel the power of Trog in you as your rage grows.
You kill the killer bee!
Trog accepts your kill.
You feel sick. The killer bee stings you.
* * * LOW HITPOINT WARNING * * *
You are more poisoned.
The killer bee poisons you!
Your box of beasts has recharged.
You closely miss the killer bee.
* * * LOW HITPOINT WARNING * * *
You feel very sick. The killer bee misses you. x2
You closely miss the killer bee.
* * * LOW HITPOINT WARNING * * *
You feel sick. The killer bee completely misses you.
You closely miss the killer bee.
* * * LOW HITPOINT WARNING * * *
You feel very sick. The killer bee misses you.
The killer bee closely misses you.
You miss the killer bee. Your claw misses the killer bee.
* * * LOW HITPOINT WARNING * * *
You feel sick. The killer bee stings you.
* * * LOW HITPOINT WARNING * * *
The killer bee stings you.
* * * LOW HITPOINT WARNING * * *
You closely miss the killer bee.
You die...

.... #... .....#...
..⌠.>.⌠. #..# #..###...
#.......##>.####..#.....
...⌠.........)...#.....
#y..........)...'.....
#...............#.....
#...###..##....#.....
####..y###)##########+#.
......†@..).+ #.
......y.....# #.
.###..#################.
#.. ............. ...
............. ....
............. ....
............. ....
............. ####
.......)))...


You could see 3 killer bees.

Vanquished Creatures
  A water moccasin (D:5)
  A scorpion (D:5)
  3 killer bees (D:5)
  5 orc priests
  2 hounds (D:4)
  Crazy Yiuf (D:2)
  4 orc wizards
  6 adders
  4 worms
  5 dart slugs
  9 orcs
  8 endoplasms
  6 giant cockroaches
  10 goblins
  4 hobgoblins
  3 quokkas
  9 ball pythons
  10 bats
  2 frilled lizards
  9 kobolds
  4 rats
106 creatures vanquished.

Vanquished Creatures (others)
  A fungus (D:1)
1 creature vanquished.

Grand Total: 107 creatures vanquished

Notes
Turn   | Place    | Note
-------+----------+-------------------------------------------
     0 | D:1      | dohliylev the Troll Berserker began the quest for the Orb.
     0 | D:1      | Reached XP level 1. HP: 22/22 MP: 0/0
    13 | D:1      | Noticed an electric eel
   275 | D:1      | Found Hicemami's Antique Armour Shoppe.
   315 | D:1      | Reached XP level 2. HP: 29/29 MP: 1/1
   409 | D:1      | Found a faded altar of an unknown god.
   817 | D:2      | Reached XP level 3. HP: 36/36 MP: 2/2
  1014 | D:2      | Reached ** piety under Trog
  1063 | D:2      | Reached XP level 4. HP: 39/44 MP: 3/3
  1151 | D:2      | Found a runed translucent door.
  1152 | D:2      | Noticed Crazy Yiuf
  1282 | D:2      | Reached skill level 4 in Unarmed Combat
  1531 | D:2      | Killed Crazy Yiuf
  1990 | D:3      | Reached XP level 5. HP: 53/53 MP: 4/4
  2357 | D:4      | Reached skill level 5 in Unarmed Combat
  2461 | D:4      | Reached XP level 6. HP: 56/61 MP: 5/5
  2974 | D:4      | Found Boed's Jewellery Emporium.
  3242 | D:4      | Found a radiant altar of Vehumet.
  3513 | D:5      | Entered Level 5 of the Dungeon
  3592 | D:5      | Reached skill level 6 in Unarmed Combat
  3654 | D:5      | Noticed a water moccasin
  3663 | D:5      | Killed a water moccasin
  3664 | D:5      | Reached XP level 7. HP: 67/67 MP: 6/6
  3673 | D:5      | Found a staircase to the Ecumenical Temple.
  3725 | D:5      | Reached skill level 7 in Unarmed Combat
  3731 | D:5      | HP: 5/102 [poisoned by a killer bee]
  3731 | D:5      | HP: 2/102 [killer bee (1)]
  3732 | D:5      | Succumbed to a killer bee's poison

Illustrated notes

Levels and vault maps discovered:
D:1:      arrival_aquarium_a, layout_basic, shapermc_ecumenical_altar_ellora,
          serial_shops, nicolae_shop_hallway_plus, st_stairs_13,
          columned_hall_lemuel, lemuel_old_faithful
D:2:      layout_loops_cross, uniq_crazy_yiuf_cottage
D:3:      layout_loops_ring, moated_statue
D:4:      layout_loops_corners, pf_just_have_faith, serial_shops,
          nicolae_diamond_shop, corexii_hall_statues_l, minmay_checkerbox
D:5:      layout_gridville, temple_fountains

Skill      XL: |  1  2  3  4  5  6  7 |
---------------+----------------------+-----
Dodging        | 3 4 |  4.3
Unarmed Combat | 4 5 6 7 |  7.0
Fighting       | 3 |  3.9

Action                   |  1- 3 |  4- 6 |  7- 9 || total
-------------------------+-------+-------+-------++-------
Melee: Unarmed           |    81 |   140 |    47 ||   268
       Punch             |     2 |     3 |     2 ||     7
Invok: Berserk           |       |     3 |     1 ||     4
       Trog's Hand       |       |     2 |     2 ||     4
Evoke: Box of beasts     |       |     1 |       ||     1
 Stab: Sleeping          |     1 |     2 |       ||     3
Armor: Animal skin       |    34 |    42 |    16 ||    92
Dodge: Dodged            |    45 |    69 |    41 ||   155

Table legend: (Time is in decaauts)
 A = Elapsed time spent in this place.
 B = Non-inter-level travel time spent in this place.
 C = Inter-level travel time spent in this place.
 D = Time resting spent in this place.
 E = Time spent auto-exploring this place.
 F = Levels seen in this place.
 G = Mean time per level.
                   A        B        C        D        E       F      G
               +--------+--------+--------+--------+--------+-----+--------+
         Total |   3726 |   3593 |    133 |    106 |   2664 |   5 |  745.2 |
       Dungeon |   3726 |   3593 |    133 |    106 |   2664 |   5 |  745.2 |
               +--------+--------+--------+--------+--------+-----+--------+

Top non-repeatable levels by time:
     D:4: 1166 daAuts
     D:1: 808 daAuts
     D:2: 773 daAuts
     D:3: 759 daAuts
     D:5: 218 daAuts
